Cogmind - Beta 9.2 @@@ ROGUE MODE // 2019.12.05 @ 20:37:53 Player: Cipherpunk Result: Destroyed by as-68381 with Assembled Blade Performance ------------- Evolutions (0) 0 Regions Visited (2) 400 Robots Destroyed (30) 150 Value Destroyed (766) 766 Prototype IDs (0) 0 Alien Tech Used (0) 0 Bonus (0) 0 TOTAL SCORE: 1316 Bonus ------- None Cogmind --------- Core Integrity 0/250 Matter 293/300 Energy 125/125 System Corruption 0% Temperature Cool (0) Movement Walking (150) Ox1 Location -10/Mines Parts ------- > --- POWER (1) -------- Light Ion Engine > --- PROPULSION (2) --- Aluminum Leg Aluminum Leg > --- UTILITY (2) ------ Large Storage Unit Large Storage Unit > --- WEAPON (2) ------- Assault Rifle Assault Rifle > --- INVENTORY (16) --- Ion Engine Medium Storage Unit Large Matter Pod (150) Structural Scanner Sensor Array Power Shielding Hacking Suite Particle Gun Assault Rifle Heavy Assault Rifle Heavy Assault Rifle Heavy Assault Rifle Rocket Launcher Datajack Mining Laser Peak State ------------ > --- POWER ------------ Light Ion Engine > --- PROPULSION ------- Aluminum Leg Aluminum Leg > --- UTILITY ---------- Large Storage Unit Large Storage Unit > --- WEAPON ----------- Assault Rifle Heavy Assault Rifle > --- INVENTORY -------- Light Ion Engine Aluminum Leg Medium Storage Unit Large Matter Pod Structural Scanner Sensor Array Hacking Suite Assault Rifle Assault Rifle Assault Rifle Heavy Assault Rifle Heavy Assault Rifle Heavy Assault Rifle Datajack Mining Laser Mining Laser [Rating: 10] Favorites ----------- Power Light Ion Engine Engine Light Ion Engine Propulsion Aluminum Leg Leg Aluminum Leg Wheel Compact Wheel Utility Large Storage Unit Device Structural Scanner Storage Large Storage Unit Weapon Assault Rifle Energy Gun EM Pulse Gun Ballistic Gun Assault Rifle Special Weapon Mining Laser Build | -11 -10 -10 ------- Run | Scr Mat Min Slots Evolved . | . . . Power . | . . . Propulsion . | . . . Utility . | . . . Weapon . | . . . Parts Attached 34 | 7 19 8 Power 4 | 1 2 1 Engine 4 | 1 2 1 Core . | . . . Reactor . | . . . Propulsion 11 | 2 5 4 Treads . | . . . Leg 9 | . 5 4 Wheel 2 | 2 . . Hover . | . . . Flight . | . . . Utility 5 | 2 3 . Device 1 | . 1 . Storage 4 | 2 2 . Processor . | . . . Hackware . | . . . Protection . | . . . Artifact . | . . . Weapon 14 | 2 9 3 Energy Gun 7 | 2 5 . Energy Cannon . | . . . Ballistic Gun 6 | . 3 3 Ballistic Cannon . | . . . Launcher . | . . . Special Weapon 1 | . 1 . Impact Weapon . | . . . Slashing Weapon . | . . . Piercing Weapon . | . . . Special Melee Weapon . | . . . Unidentified Prototypes . | . . . Parts Lost 10 | . 6 4 Power 2 | . 1 1 Propulsion 1 | . . 1 Utility . | . . . Weapon 7 | . 5 2 Highest Loss Streak 4 | . 4 3 Average Slot Usage (%) 98 | . 98 98 Engine 13 | . 13 13 Leg 23 | . 20 27 Wheel 4 | . 7 . Device 2 | . 4 . Storage 25 | . 23 28 Energy Gun 6 | . 10 . Ballistic Gun 18 | . 12 27 Special Weapon 1 | . 3 . Naked Turns . | . . . Heaviest Build 40 | 15 38 40 Greatest Support 26 | 26 26 20 Greatest Overweight (x) 1 | . 1 1 Average Overweight (x) . | . . 1 Largest Inventory Capacity 16 | 8 16 16 Average Capacity 11 | 6 8 16 Most Carried 16 | 3 16 16 Average Carried 9 | 1 6 15 Final Capacity 16 | 8 16 16 Final Carried 16 | 3 16 15 Class Distribution -------------------- 88% | Mutant 11% | Scavenger-Mutant Dominant Class ---------------- Mutant | -10/Materials Mutant | -10/Mines Resources | -11 -10 -10 ----------- Run | Scr Mat Min Matter Collected 989 | 270 323 396 Remotely . | . . . Salvage Created 1105 | 100 599 406 Parts 58 | 2 45 11 Haulers Intercepted 2 | . 2 . Recyclers Shooed . | . . . Parts Field Recycled . | . . . Retrieved Matter . | . . . Parts Self-Destructed . | . . . Prevented . | . . . Kills | -11 -10 -10 ------- Run | Scr Mat Min Combat Hostiles Destroyed 23 | . 14 9 Guns 23 | . 14 9 Classes Destroyed 7 | 1 5 1 Hauler 2 | . 2 . Recycler 1 | 1 . . Operator 2 | . 2 . Watcher 2 | . 2 . Swarmer 6 | . 6 . Grunt 16 | . 8 8 Assembled 1 | . . 1 Best Kill Streak 4 | 1 4 2 Combat Bots Only 4 | . 4 2 Max Kills in Single Turn 1 | 1 1 1 Gunslinging . | . . . Exploded . | . . . Melee . | . . . Uniques/NPCs Destroyed . | . . . Combat | -11 -10 -10 -------- Run | Scr Mat Min Damage Taken 1558 | 40 701 817 Core 272 | . 162 110 Absorbed by Shields . | . . . Core Remaining (%) 100 | 100 . . Volleys Fired 118 | 4 74 40 Largest 2 | 2 2 2 Hottest 105 | 80 105 43 Shots Fired 186 | 8 118 60 Gun 182 | 8 114 60 Cannon . | . . . Launcher . | . . . Special 4 | . 4 . Kinetic 126 | . 66 60 Thermal 37 | . 37 . Explosive . | . . . Electromagnetic 23 | 8 15 . Robot Hit Streak 17 | 4 17 10 Robot Miss Streak 5 | 1 4 5 Penetration Max . | . . . Secondary Targets 2 | . 1 1 Max Gunslinging Chain 1 | . 1 1 Shots Hit Robots 124 | 6 80 38 Core Hits 52 | 2 35 15 Critical Hits . | . . . Critical Kills . | . . . Critical Parts Destroyed . | . . . Melee Attacks . | . . . Impact . | . . . Slashing . | . . . Piercing . | . . . Sneak Attacks . | . . . Combat Hostiles . | . . . Follow-up Attacks . | . . . Damage Inflicted 1664 | 97 964 603 Guns 1636 | 75 962 599 Cannons . | . . . Explosions 22 | 22 . . Melee . | . . . Ramming 6 | . 2 4 Kinetic 1094 | . 495 599 Thermal 295 | 22 273 . Explosive . | . . . Electromagnetic 269 | 75 194 . Impact . | . . . Slashing . | . . . Piercing . | . . . Highest Corruption . | . . . Average Corruption . | . . . Corruption Purged . | . . . Overload Shots . | . . . Overflow Damage . | . . . Projectiles . | . . . Explosions . | . . . Melee . | . . . Knockbacks . | . . . Impact . | . . . Kinetic . | . . . Secondary . | . . . Self-Inflicted Damage 41 | 40 1 . Shots 1 | 1 . . Rammed 1 | . 1 . Targets Rammed 3 | . 2 1 Kicked 2 | . 1 1 Crushed . | . . . Highest Temperature 226 | 84 226 12 Average Temperature 65 | 42 71 5 Received Heat Transfer 660 | . 303 357 Effects 1 | . 1 . Energy Bleed 1 | . 1 . Siege Activations . | . . . Robots Corrupted . | . . . Combat Hostiles . | . . . Parts Fried . | . . . Impact Corruptions . | . . . Robots Melted . | . . . Combat Hostiles . | . . . Parts Melted . | . . . Heat Transferred 744 | 50 694 . Parts Sabotaged . | . . . Parts Stolen . | . . . Parts Stripped . | . . . Power Chain Reactions 1 | 1 . . Missiles Intercepted . | . . . Alert | -11 -10 -10 ------- Run | Scr Mat Min Peak Influence 256 | 5 256 181 Average Influence 102 | 1 108 101 Maximum Alert Level 1 | . 1 . Low Security (%) 93 | 100 88 100 Level 1 6 | . 11 . Level 2 . | . . . Level 3 . | . . . Level 4 . | . . . Level 5 . | . . . High Security . | . . . Max Security . | . . . Squads Dispatched 3 | . 3 . Investigation 1 | . 1 . Extermination . | . . . Reinforcement 2 | . 2 . Assault . | . . . Garrison . | . . . Intercept . | . . . Construction Impeded . | . . . Haulers Reinforced . | . . . Stealth | -11 -10 -10 --------- Run | Scr Mat Min Distress Signals 2 | . 2 . Communications Jammed . | . . . Distress Signals . | . . . Times Spotted 49 | . 26 23 Peak Tracking Total 15 | . 6 15 Tactical Retreats 1 | . . 1 Traps | -11 -10 -10 ------- Run | Scr Mat Min Traps Triggered 1 | . 1 . Indirectly . | . . . Trap Hack Attempts . | . . . Triggered . | . . . Disarmed . | . . . Reprogrammed . | . . . Reused . | . . . Traps Extracted . | . . . Installed . | . . . Triggered . | . . . Machines | -11 -10 -10 ---------- Run | Scr Mat Min Machines Disabled 2 | . 1 1 Max in Single Turn 1 | . 1 1 Machines Sabotaged . | . . . Garrisons Compromised . | . . . Overloaded Fab Kills . | . . . Fab Network Shutdowns . | . . . Hacking | -11 -10 -10 --------- Run | Scr Mat Min Machines Accessed 6 | . 6 . Terminals 5 | . 5 . Fabricators . | . . . Repair Stations . | . . . Recycling Units 1 | . 1 . Scanalyzers . | . . . Garrison Access . | . . . Total Hacks 17 | . 17 . Successful 14 | . 14 . Failed 3 | . 3 . Catastrophic 1 | . 1 . Database Lockouts . | . . . Manual 10 | . 10 . Terminals 16 | . 16 . Fabricators . | . . . Repair Stations . | . . . Recycling Units 1 | . 1 . Scanalyzers . | . . . Garrison Access . | . . . Terminal Hacks 7 | . 7 . Record 3 | . 3 . Robot Analysis 1 | . 1 . Emergency Access Points 1 | . 1 . Terminal Index 1 | . 1 . Locate Traps 1 | . 1 . Fabricator Hacks . | . . . Repair Station Hacks . | . . . Recycling Unit Hacks 1 | . 1 . Retrieve Components 1 | . 1 . Scanalyzer . | . . . Garrison Access Hacks . | . . . Unauthorized Hacks 13 | . 13 . Terminals 6 | . 6 . Botnet 5 | . 5 . Operators 1 | . 1 . Fabricators . | . . . Repair Stations . | . . . Recycling Units . | . . . Scanalyzers . | . . . Garrison Access . | . . . Data Cores Recovered . | . . . Used . | . . . Hacking Detections 4 | . 4 . Full Trace Events 1 | . 1 . Feedback Events . | . . . Feedback Blocked . | . . . Robot Schematics Acquired . | . . . Robots Built . | . . . Matter . | . . . Time . | . . . Total Robot Build Rating . | . . . Part Schematics Acquired . | . . . Parts Built . | . . . Matter . | . . . Time . | . . . Total Part Build Rating . | . . . Parts Repaired . | . . . Time . | . . . Parts Recycled . | . . . Recycled Matter . | . . . Retrieved Matter . | . . . Retrieved Components 9 | . 9 . Parts Scanalyzed . | . . . Part Schematics Acquired . | . . . Parts Damaged . | . . . Bothacking | -11 -10 -10 ------------ Run | Scr Mat Min Used RIF Installer . | . . . Robots Hacked . | . . . Non-combat . | . . . Combat . | . . . Robot Hacks Applied . | . . . Relay Couplers Released . | . . . Robots Rewired . | . . . Allies Hacked . | . . . Hacks Repelled . | . . . Allies | -11 -10 -10 -------- Run | Scr Mat Min Total Allies . | . . . Largest Group . | . . . Highest-Rated Group . | . . . Highest-Rated Ally . | . . . Total Orders . | . . . Ally Attacks . | . . . Total Damage . | . . . Kills . | . . . Allies Corrupted . | . . . Allies Melted . | . . . Intel | -11 -10 -10 ------- Run | Scr Mat Min Robot Analysis Total 1 | . 1 . Derelict Logs Recovered 2 | . . 2 Drone Launches . | . . . Drone Recoveries . | . . . Exploration | -11 -10 -10 ------------- Run | Scr Mat Min Turns Passed 1970 | 67 1163 740 Spaces Moved 1189 | 46 740 403 Core 4 | 4 . . Treads . | . . . Legs 872 | . 469 403 Wheels 313 | 42 271 . Hover . | . . . Flight . | . . . Fastest Speed 50 | 50 90 150 Average Speed 125 | 86 114 150 Slowest Speed 150 | 90 150 150 Overloaded Moves . | . . . Propulsion Burnouts . | . . . Robots Hopped . | . . . Cave-ins Triggered . | . . . Exploration Rate (%) 59 | 4 86 88 Regions Visited 2 Branch Regions 1 Pre-discovered Areas . | . . . Known Exits Taken . | . . . Unknown Exits Taken 2 | 1 1 . Scrap Searched 1 | . . 1 Spaces Dug 3 | . 3 . Terrain Destroyed 7 | 3 4 . Melee . | . . . Projectile 4 | . 4 . AOE 3 | 3 . . Actions | -11 -10 -10 --------- Run | Scr Mat Min Total 1478 | 62 936 480 Wait 86 | 1 65 20 Move 1187 | 45 739 403 Hop . | . . . Pick Up 28 | 5 19 4 Fast Attach 15 | 5 10 . Attach 7 | 2 1 4 Detach 3 | . 3 . Swap 12 | . 8 4 Drop 19 | . 15 4 Fire 118 | 4 74 40 Melee . | . . . Ram . | . . . Kick 3 | . 2 1 Crush . | . . . Escape Stasis . | . . . Rewire . | . . . Trap . | . . . Miscellaneous . | . . . Route ------- -11/Scrapyard -10/Materials (discovered 3 exits: [*Mat x2] / [*Min]) -10/Mines (discovered 2 exits: [*Mat x2]) History --------- Turn | Location | Event 2 | -11/Scrapyard | Met Revision 17 16 | -11/Scrapyard | Discovered new exit (range 16) 68 | -11/Scrapyard | Entered Materials 233 | -10/Materials | Discovered new exit (range 15) 305 | -10/Materials | Build established: Mutant 395 | -10/Materials | Discovered new exit (range 6) 426 | -10/Materials | Lost 4 parts (1p3w) 571 | -10/Materials | Core integrity fell below 50% 853 | -10/Materials | Discovered new exit (range 14) 1231 | -10/Materials | Entered Mines 1315 | -10/Mines | Received a Rocket Launcher from a helpful Derelict 1346 | -10/Mines | Learned Materials terminal intel 1346 | -10/Mines | Discovered new exit (range 5) 1499 | -10/Mines | Core integrity fell below 20% 1539 | -10/Mines | Lost 3 parts (1p1n1w) 1624 | -10/Mines | Discovered new exit (range 14) 1651 | -10/Mines | Learned location of 1 exit from Materials 1886 | -10/Mines | Assembled infested the area 1971 | -10/Mines | Destroyed by as-68381 with Assembled Blade Last Messages --------------- 01668_ Found Assault Rifle. 01669_ Acquired 40 matter. 01671_ Acquired Power Shielding. 01707_ G-34 Mercenary destroyed. 01711_ Pulverizer disabled. 01715_ Hvy. Assault Rifle destroyed. 01716_ G-47 Trooper destroyed. 01718_ Acquired 47 matter. 01721_ Dropped Aluminum Leg. 01725_ Acquired 21 matter. 01807_ U-05 Engineer builds a Wall. 01808_ T-07 Excavator is excavating. 01811_ U-05 Engineer builds a Wall. 01813_ T-07 Excavator is excavating. 01886_ ALERT: Infestation in the mines, dispatching Demolisher response squad. 01940_ as-69459 destroyed. 01961_ T-07 Excavator destroyed. 01963_ Knocked back. 01969_ Kicked R-06 Scavenger out of the way. Map ----- +----------------------------------------------------+ | ?## ## " #????# | | ## ### ### #???????????# | | # ### #?# #?? ?????????????#### | | # #?# ## #??# ?????????????????# | | # ##?# ## #??# #??????????######## | | ## #??## ### #### ###### | | ?# #???####?# #?????######## | | ## ##???####?###### #### #####???????## | | ##???## ##???## ### ######### | | ##?#### #???# ###### | | ## #### #???# #????########### | | #### ## ##??# %##??????????????## | | ##??# #??## #????????????????### | | ##???# ## #???## #??????????????????? | | ##????## #### ##????# #??????????????????? | | #??????########??# #?????# ##?????????????????? | | #????????????????# #?????# #####?????????????? | | ##????????????????# #?????# ##????????????? | | #?????????????????# #?????## !% ##???????????? | | #?????????????????# #??????## ! #???????????? | | ?????????????????## ###?????## #???????????? | | ????????????????## #####??## #???????????? | | ???????????????## ## #####a ##???????????? | | ??????????????## aaa a #????????????? | | ?????????????## taaa ##????????????? | | ????????????## r @ #########?????????????? | | ????????????# ####?????????????????????? | | #######?????# ##########?????????????????? | | #?????# """ ### ##??????####????#?? | | " """ #????## """ ## #????### #### ##? | | " """ #??### """ #????# #? | | " """ #### #?????# < #? | | # ####?????# #? | | " """ ##????????## #? | | " """ #??????????## ## ##? | | " """ ## #???????????# #?# ##?? | | ##### ### #???????????# #??###??? | | " """ ##???## ##?# ############?# ##??????? | | " """ ###?????# #??# ### ###????? | | " """ # ##???????# #??# ########## ## ##???? | | ####????????# #??# #????????# ## | ##### | | #######?####??????# #??# #????????# = # | | ???????## ##?????# #??# #????????##### ! # | | ######## ####### #### ###??????????# ####### # | | ## ## ## ##?????????# #?????# # | | ! """ #?????????# #?????# # | | ######### ### """ #?????????# ####### # | | ????????## ##?# """ #?????????# # | | ?????????#########?# ##?????????######### # | | ???????????????????# ##??????????????????# | +----------------------------------------------------+ Best States ------------- Heat Dissipation 25 Energy Generation 10 Energy Capacity 125 Matter Stores 300 Matter Capacity 300 Sight Range 16 Terrain Scan Density 10 Evasion (%) 42 Item Schematics ----------------- None Robot Schematics ------------------ None Fabricated ------------ Nothing Alien Tech Used ----------------- None Achievements -------------- None Challenges ------------ None Game ------ Seed PropulsionSurveybotStorage Manual? 0 Play Time 00:22:33 Cumulative 47.0 hours Start 2019.12.05 @ 19:58:45 End 2019.12.05 @ 20:37:53 Sessions 1 Manual Loads 0 Difficulty Rogue Special Mode None Game No. 41 Rogue 41 Adventurer 0 Explorer 0 Win Type - Total 0 Types 0/0/0/0/0/0/0 Lore% 21 Gallery% 42 Achievement% 28 Wizard Run 0 Options --------- ASCII 0 Keyboard 1 Movement Numpad Keybinds 0 Fullscreen 2 Font 18/SmallcapsGlow Map View 76x50 Tactical HUD 1 Map Filters NONE Filters NONE Steam 1 RUN: 1b37c132-32bc-40b9-9473-8252202d4cf6